 Dungeon Crawl Stone Soup version 0.28-a0-1594-ga885d4b3d6 (webtiles) character file.

Game seed: 15572586552648486892

255 Hasart the Slasher (level 5, 0/46 HPs)
             Began as a Demigod Fighter on Jan 20, 2022.
             Succumbed to an orc wizard's poison
             ... on level 3 of the Dungeon.
             The game lasted 00:06:39 (4064 turns).

Hasart the Slasher (Demigod Fighter)                Turns: 4064, Time: 00:06:40

Health: 0/46       AC:  8    Str: 17    XL:     5   Next: 60%
Magic:  7/7        EV:  8    Int: 10    God:
Gold:   113        SH:  0    Dex: 17    Spells: 4/4 levels left

rFire   + + .      SeeInvis .   a - +0 long sword
rCold   + . .      Faith    .   c - +0 buckler
rNeg    . . .      Spirit   .   b - +0 scale mail
rPois   +          Reflect  .   l - +0 helmet
rElec   +          Harm     .   t - +0 cloak
rCorr   +          Rampage  .   (no gloves)
Will    .....                   (no boots)
Stlth   ..........              (no amulet)
HPRegen 0.15/turn               o - ring of protection from fire
MPRegen 0.10/turn               (no ring)

@: confused, lethally poisoned (0 -> -21), resistant, hasted, studying
Evocations, very quick
A: high mp 1, forlorn, divine attributes
a: no special abilities


You were on level 3 of the Dungeon.
You visited 1 branch of the dungeon, and saw 3 of its levels.

You collected 113 gold pieces.

Inventory:

Hand Weapons
 a - a +0 long sword (weapon)
Armour
 b - a +0 scale mail (worn)
 c - a +0 buckler (worn)
 l - a +0 helmet (worn)
 t - a +0 cloak (worn)
Jewellery
 o - a ring of protection from fire (left hand)
Scrolls
 g - a scroll of identify {unknown}
 i - 2 scrolls of immolation {unknown}
 m - a scroll of fear {unknown}
 n - a scroll of amnesia {unknown}
 s - a scroll of teleportation {unknown}
 v - a scroll of enchant armour {unknown}
Potions
 d - a potion of might
 e - a potion of curing {unknown}
 f - a potion of flight {unknown}
 h - a potion of berserk rage {unknown}
 j - a potion of resistance
 k - a potion of lignification {unknown}
 p - a potion of ambrosia {unknown}
 q - a potion of magic {unknown}
 r - 2 potions of haste
 u - a potion of invisibility {unknown}


   Skills:
 + Level 4.0 Fighting
 * Level 4.6 Long Blades
 - Level 2.6 Armour
 - Level 2.6 Shields
 + Level 1.1 Evocations


You had 4 spell levels left.
You didn't know any spells.
Your spell library was empty.

Dungeon Overview and Level Annotations

Branches:
Dungeon (3/15)


Innate Abilities, Weirdness & Mutations

You have an increased reservoir of magic. (+10% MP)
You shall have no god before yourself.
Your divine heritage dramatically boosts your attributes as you level up.


Message History

The orc wizard points at you and mumbles some strange words.
The magic dart hits you.
You closely miss the orc wizard.
The orc wizard is lightly wounded.
The orc wizard barely misses you.
You slash the orc wizard!
The orc wizard is heavily wounded.
The orc wizard hits you with a +1 dagger of venom.
You are poisoned.
You block the orc wizard's attack.
You hit the orc wizard but do no damage.
The orc wizard is heavily wounded.
You feel very sick.
The orc wizard hits you with a +1 dagger of venom.
You are more poisoned.
You barely miss the orc wizard.
The orc wizard is heavily wounded.
You feel very sick.
The orc wizard hits you with a +1 dagger of venom.
You are lethally poisoned!
You hit the orc wizard.
The orc wizard is almost dead.
You feel extremely sick. The orc wizard closely misses you.
You completely miss the orc wizard.
The orc wizard is almost dead.
* * * LOW HITPOINT WARNING * * *
You feel very sick. The orc wizard casts a spell at you.
You are confused.
Unknown command.
It was a potion of haste.
You feel yourself speed up.
* * * LOW HITPOINT WARNING * * *
You feel very sick.
The orc wizard hits you with a +1 dagger of venom.
* * * LOW HITPOINT WARNING * * *
You are more poisoned.
It was a potion of resistance.
You feel protected.
You die...

...#
#.#
.....
#.#
.<.##
#.#
.###
#.#####
.#
#.>...#
.#
#####.#
#.#
#####.#
#..o@.#
#.#####
## .#
.# .#
.# .#


You could see an orc wizard.

Vanquished Creatures
  A centaur (D:3)
  Terence (D:2)
  An orc wizard (D:3)
  Robin (D:2)
  3 adders
  2 worms
  2 dart slugs (D:2)
  An orc (D:3)
  6 ball pythons
  5 bats
  5 endoplasms
  A giant cockroach (D:1)
  9 goblins
  6 hobgoblins
  2 jackals (D:2)
  A quokka (D:2)
  3 frilled lizards
  5 kobolds
  4 rats
59 creatures vanquished.

Vanquished Creatures (others)
  An orc wizard (D:3)
1 creature vanquished.

Grand Total: 60 creatures vanquished

Notes
Turn   | Place    | Note
-------+----------+-------------------------------------------
     0 | D:1      | Hasart the Demigod Fighter began the quest for the Orb.
     0 | D:1      | Reached XP level 1. HP: 18/18 MP: 3/3
   353 | D:1      | Reached XP level 2. HP: 25/25 MP: 4/4
  1261 | D:2      | Reached XP level 3. HP: 17/31 MP: 5/5
  1448 | D:2      | Noticed Robin
  1759 | D:2      | Killed Robin
  2178 | D:2      | Noticed Terence
  2205 | D:2      | Killed Terence
  2206 | D:2      | Reached XP level 4. HP: 8/38 MP: 6/6
  3260 | D:3      | Noticed a centaur
  3269 | D:3      | Killed a centaur
  3270 | D:3      | Reached XP level 5. HP: 32/46 MP: 7/7
  3894 | D:3      | Reached skill level 1 in Evocations
  4064 | D:3      | Succumbed to an orc wizard's poison

Illustrated notes

Levels and vault maps discovered:
D:1:      zaba_arrival_water, layout_loops_ring
D:2:      layout_basic, nicolae_ecumenical_oubliette, basic_altar,
          minmay_pentomino_q4, uniq_robin, uniq_terence
D:3:      layout_loops_cross, minitemple

Skill      XL: |  1  2  3  4  5 |
---------------+----------------+-----
Long Blades    | 2 3 4 |  4.6
Fighting       | 3 4 |  4.0
Evocations     | 1 |  1.1
Armour         | |  2.6
Shields        | |  2.6

Action                   |  1- 3 |  4- 6 || total
-------------------------+-------+-------++-------
Melee: Long sword        |   139 |    94 ||   233
  Use: Potion            |       |     2 ||     2
Armor: Scale mail        |    55 |    61 ||   116
Dodge: Dodged            |    53 |    35 ||    88
Block: Buckler           |    30 |    27 ||    57

Table legend: (Time is in decaauts)
 A = Elapsed time spent in this place.
 B = Non-inter-level travel time spent in this place.
 C = Inter-level travel time spent in this place.
 D = Time resting spent in this place.
 E = Time spent auto-exploring this place.
 F = Levels seen in this place.
 G = Mean time per level.
                   A        B        C        D        E       F      G
               +--------+--------+--------+--------+--------+-----+--------+
         Total |   4138 |   4102 |     36 |    595 |   2922 |   3 | 1379.3 |
       Dungeon |   4138 |   4102 |     36 |    595 |   2922 |   3 | 1379.3 |
               +--------+--------+--------+--------+--------+-----+--------+

Top non-repeatable levels by time:
     D:1: 1701 daAuts
     D:2: 1621 daAuts
     D:3: 815 daAuts
